 Dungeon Sprint DCSS version 0.21.1-1-g345015f (webtiles) character file.

42344 Psiloshibe the Warrior (level 14, -1/136 HPs)
             Began as a Barachi Berserker on June 9, 2018.
             Was the Champion of Trog.
             Slain by a stone giant (17 damage)
             ... in the Dungeon (Sprint IX: "|||||||||||||||||||||||||||||").
             The game lasted 00:27:05 (3097 turns).

Psiloshibe the Warrior (Barachi Berserker)          Turns: 3097, Time: 00:27:05

Health: -1/136     AC: 21    Str: 30    XL:     14   Next: 19%
Magic:  14/14      EV: 17    Int:  9    God:    Trog [******]
Gold:   1829       SH:  0    Dex: 11    Spells: 13/13 levels left

rFire    . . .     SeeInvis .   F - +5 broad axe (flame)
rCold    . . .     Gourm    .   (no shield)
rNeg     . . .     Faith    .   U - +4 ring mail "Juor Wue" {*Drain rCorr Str+7 Slay+6}
rPois    .         Spirit   .   q - +1 helmet
rElec    .         Reflect  .   p - +0 cloak
rCorr    +         Harm     .   V - +1 pair of gloves
MR       ++++.     NoTele   +   (no boots)
Stlth    +++.......             (no amulet)
HPRegen  1.32/turn              s - +2 ring of protection
MPRegen  0.14/turn              H - ring of protection from magic

@: regenerating, slow
A: +LOS, swims, slowness 1, strong legs 2
a: Hop, Berserk, Trog's Hand, Brothers in Arms, Burn Spellbooks, Renounce
Religion


You were in the Dungeon.
You worshipped Trog.
Trog was exalted by your worship.
You were near starving.

You visited 1 branch You collected 1919 gold pieces.
You spent 90 gold pieces at shops.

Inventory:

Hand Weapons
 a - a +2 dire flail of crushing
 b - a +3 blowgun
 c - a +5 eveningstar of draining
 n - a +2 double sword of flaming
 t - the +4 scimitar of Wimiocaz {holy, rPois MP-9 Dex+3}
   (Trog gifted it to you in the Dungeon)

   It has been blessed by the Shining One to cause great damage to the undead
   and demons.
   It affects your dexterity (+3).
   It protects you from poison.
   It affects your magic capacity (-9).
 F - a +5 broad axe of flaming (weapon)
 K - a +1 long sword of electrocution
 N - a +0 dire flail of holy wrath
 O - a +5 antimagic flail
 R - a +1 dire flail of protection
 T - a +1 demon blade of venom
 Y - the +2 hunting sling of the Battered Friends {velocity, Int+3 Stlth+}
   (Trog gifted it to you in the Dungeon)

   Any stone fired from it inflicts extra damage.
   It affects your intelligence (+3).
   It makes you more stealthy.
Missiles
 j - 8 javelins of returning
 o - 6 needles of paralysis
 r - 3 tomahawks of returning
 A - 13 needles of confusion
 B - 8 needles of sleeping
 C - 23 exploding tomahawks
 E - 18 steel javelins
 G - 5 poisoned javelins
 L - 2 needles of frenzy
 M - 16 poisoned tomahawks
 P - 7 tomahawks of dispersal
 Z - 4 javelins of penetration (quivered)
Armour
 p - a +0 cloak (worn)
 q - a +1 helmet (worn)
 w - the quicksilver dragon scales of Unambiguity {rN+ MR+ Dex-2 Slay+6}
   (You found it in the Dungeon)

   It affects your dexterity (-2).
   It affects your accuracy and damage with ranged weapons and melee attacks
   (+6).
   It protects you from negative energy.
   It affects your resistance to hostile enchantments.
 U - the +4 ring mail "Juor Wue" (worn) {*Drain rCorr Str+7 Slay+6}
   (You found it in the Dungeon)

   It affects your strength (+7).
   It affects your accuracy and damage with ranged weapons and melee attacks
   (+6).
   It protects you from acid and corrosion.
   It causes draining when unequipped.
 V - a +1 pair of gloves (worn)
 W - a +2 plate armour of fire resistance
 X - a +0 shield
Jewellery
 s - a +2 ring of protection (left hand)
 H - a ring of protection from magic (right hand)
 Q - an uncursed ring of protection from cold
Wands
 m - a wand of acid (10)
Scrolls
 i - 3 scrolls of blinking
 l - 4 scrolls of remove curse
 x - 6 scrolls of enchant weapon
 y - a scroll of fog
 z - 4 scrolls of enchant armour
Potions
 d - 5 potions of curing
 e - 8 potions of heal wounds
 f - a potion of haste
 g - 4 potions of magic
 h - 3 potions of berserk rage
 k - a potion of invisibility
 u - 2 potions of agility
 v - a potion of brilliance
 S - a potion of might
Books
 I - a book of Maledictions

   Spells                             Type                      Level
   a - Corona                         Hexes                        1
   b - Ensorcelled Hibernation        Hexes/Ice                    2
   c - Confuse                        Hexes                        3
   d - Tukima's Dance                 Hexes                        3
   e - Dazzling Spray                 Conjuration/Hexes            3
   Trog disapproves of the use of such an item.
Comestibles
 J - 10 rations


   Skills:
 + Level 20.5 Fighting
 + Level 5.1 Long Blades
 + Level 2.0(13.2) Axes
 + Level 19.2 Maces & Flails
 * Level 18.9 Throwing
 * Level 15.5 Armour
 * Level 12.2 Dodging
 + Level 6.7 Stealth
 * Level 8.7 Shields


You had 13 spell levels left.
You didn't know any spells.

Dungeon Overview and Level Annotations

Branches:
Dungeon (1/1)

Altars:
Cheibriados
Dithmenos
Elyvilon
Fedhas
Gozag
Hepliaklqana
Kikubaaqudgha
Makhleb
Nemelex Xobeh
Okawaru
Qazlal
Ru
Sif Muna
Trog
Uskayaw
Vehumet
Wu Jian
Xom
Yredelemnul
Zin
The Shining One
Beogh
Jiyva
Lugonu

Shops:
D :!*(


Innate Abilities, Weirdness & Mutations

Shadows flee at your approach. (+LOS)
You can swim through water.
You cover ground slowly.
You can hop long distances.


Message History

Trog accepts your kill. Something appears at your feet!
Trog grants you a weapon!
Trog appreciates your killing of a magic user.
Reactivating autopickup.
Your base Axes skill increases to level 2!
You feel a bit more experienced.
Throwing (i - inventory. (,) - cycle):
Z - 5 javelins of penetration (quivered)
Press: ? - help, Shift-Dir - straight line, f/p - stone giant
Aim: a stone giant (moderately wounded, bound soul)
You throw a javelin of penetration.
The javelin of penetration pierces through the stone giant!
The stone giant is heavily wounded.
The stone giant hits you!!
* * * LOW HITPOINT WARNING * * *
Unknown command.
You slash the stone giant! You burn the stone giant.
The stone giant is severely wounded.
The stone giant hits you!
You die...

.......'...=.)..))))).[[[[[.[[...
▓▓▓▓▓▓▓▓▓▓▓▓▓▓▓▓▓▓▓▓▓▓▓▓▓▓▓▓▓▓▓▓▓
..............................÷).
▓▓▓▓▓▓▓▓▓▓▓▓▓▓▓▓▓▓▓▓▓▓▓▓▓▓▓▓▓▓▓▓▓
.............'.†..%..†.'))).)[...
▓▓▓▓▓▓▓▓▓▓▓▓▓▓▓▓▓▓▓▓▓▓▓▓▓▓▓▓▓▓▓▓▓
.................................
▓▓▓▓▓▓▓▓▓▓▓▓▓▓▓▓▓▓▓▓▓▓▓▓▓▓▓▓▓▓▓▓▓
..............))@C))(()((p.
▓▓▓▓▓▓▓▓▓▓▓▓▓▓▓▓▓▓▓▓▓▓▓▓▓▓▓


You could see a stone giant.

Vanquished Creatures
  Donald (D)
  A nagaraja (D)
  A frost giant (D)
  A ghost moth (D)
  Aizul (D)
  An entropy weaver (D)
  Nessos (D)
  An ettin (D)
  A yaktaur captain (D)
  2 rakshasas (D)
  2 ice dragons (D)
  A naga warrior (D)
  3 hydras (D)
  An anaconda (D)
  A merfolk avatar (D)
  2 ogre magi (D)
  A deep troll earth mage (D)
  2 tengu warriors (D)
  Urug (D)
  A shock serpent (D)
  A salamander mystic (D)
  A hell knight (D)
  A spriggan druid (D)
  A wizard (D)
  A swamp dragon (D)
  A shambling mangrove (D)
  A glowing orange brain (D)
  A swamp dragon (shapeshifter) (D)
  An orc knight (D)
  2 wolf spiders (D)
  A necromancer (D)
  An ugly thing (D)
  4 orc sorcerers (D)
  An elephant (D)
  A cyclops (D)
  A merfolk siren (D)
  2 black mambas (D)
  Psyche (D)
  5 spiny frogs (D)
  An efreet (D)
  A yaktaur (D)
  2 demonic crawlers (D)
  A komodo dragon (D)
  A meliai (D)
  A merfolk (D)
  2 tyrant leeches (D)
  A wind drake (D)
  5 polar bears (D)
  A hornet (shapeshifter) (D)
  A slime creature (D)
  A snapping turtle (D)
  2 hippogriffs (D)
  A redback (D)
  2 tarantellas (D)
  Eustachio (D)
  A basilisk (D)
  3 nagas (D)
  A soldier ant (shapeshifter) (D)
  An acid dragon (D)
  A water moccasin (D)
  A porcupine (D)
  3 black bears (D)
  An ice beast (D)
  11 orc warriors (D)
  3 crocodiles (D)
  A centaur (D)
  3 bullfrogs (D)
  A scorpion (D)
  A crimson imp (D)
  2 orc wizards (D)
  A worker ant (D)
  An adder (D)
  An adder skeleton (D)
  2 adder zombies (D)
  A leopard gecko (D)
  3 orcs (D)
  A ball python (D)
  A bat skeleton (D)
  A goblin (D)
  A hobgoblin (D)
  A quokka (D)
  A ball python skeleton (D)
  A frilled lizard (D)
  A giant cockroach zombie (D)
  A quokka skeleton (D)
130 creatures vanquished.

Vanquished Creatures (collateral kills)
  A very ugly thing (D)
  An orc high priest (D)
  A satyr (D)
  An orc knight (D)
  6 orc sorcerers (D)
  A merfolk (D)
  A blink frog (D)
  A porcupine (D)
  3 orc warriors (D)
  A crocodile (D)
  A crimson imp (D)
  3 orc priests (D)
  3 orc wizards (D)
  An orc (D)
25 creatures vanquished.

Vanquished Creatures (others)
  A tengu reaver (D)
1 creature vanquished.

Grand Total: 156 creatures vanquished

Notes
Turn   | Place    | Note
-------+----------+-------------------------------------------
     0 | D        | Psiloshibe the Barachi Berserker began the quest for the Orb.
     0 | D        | Reached XP level 1. HP: 18/18 MP: 1/1
     5 | D        | Reached skill level 4 in Fighting
    11 | D        | Reached ** piety under Trog
    18 | D        | Reached XP level 2. HP: 7/26 MP: 2/2
   251 | D        | Noticed a crimson imp
   257 | D        | Reached skill level 5 in Fighting
   257 | D        | Reached skill level 5 in Maces & Flails
   257 | D        | Reached skill level 1 in Throwing
   257 | D        | Reached XP level 3. HP: 26/34 MP: 3/3
   261 | D        | Reached *** piety under Trog
   261 | D        | Reached skill level 6 in Fighting
   261 | D        | Reached XP level 4. HP: 27/41 MP: 4/4
   279 | D        | Found a roughly hewn altar of Beogh.
   279 | D        | Found a snail-covered altar of Cheibriados.
   279 | D        | Found a shadowy altar of Dithmenos.
   279 | D        | Found a white marble altar of Elyvilon.
   279 | D        | Found a blossoming altar of Fedhas.
   279 | D        | Found an opulent altar of Gozag.
   279 | D        | Found a hazy altar of Hepliaklqana.
   280 | D        | Found a viscous altar of Jiyva.
   281 | D        | Found an ancient bone altar of Kikubaaqudgha.
   282 | D        | Found a corrupted altar of Lugonu.
   283 | D        | Found a burning altar of Makhleb.
   284 | D        | Found a sparkling altar of Nemelex Xobeh.
   285 | D        | Found an iron altar of Okawaru.
   286 | D        | Found a stormy altar of Qazlal.
   287 | D        | Found a sacrificial altar of Ru.
   288 | D        | Found a deep blue altar of Sif Muna.
   289 | D        | Found a bloodstained altar of Trog.
   290 | D        | Found a hide-covered altar of Uskayaw.
   291 | D        | Found a radiant altar of Vehumet.
   292 | D        | Found an ornate altar of the Wu Jian Council.
   293 | D        | Found a shimmering altar of Xom.
   294 | D        | Found a basalt altar of Yredelemnul.
   295 | D        | Found a glowing silver altar of Zin.
   296 | D        | Found a glowing golden altar of the Shining One.
   354 | D        | Noticed a hippogriff
   354 | D        | Noticed an ice beast
   365 | D        | Reached skill level 7 in Fighting
   365 | D        | Reached XP level 5. HP: 48/49 MP: 5/5
   375 | D        | Killed a hippogriff
   375 | D        | Reached **** piety under Trog
   375 | D        | Reached skill level 9 in Fighting
   375 | D        | Reached skill level 5 in Armour
   375 | D        | Reached XP level 6. HP: 43/59 MP: 6/6
   386 | D        | Killed an ice beast
   386 | D        | Reached skill level 10 in Fighting
   389 | D        | Received a gift from Trog
   571 | D        | Noticed a tengu warrior
   571 | D        | Noticed an orc warrior
   571 | D        | Noticed a meliai
   571 | D        | Noticed an efreet
   582 | D        | Killed a tengu warrior
   582 | D        | Reached skill level 12 in Fighting
   582 | D        | Reached skill level 1 in Long Blades
   582 | D        | Reached skill level 5 in Throwing
   582 | D        | Reached skill level 5 in Dodging
   582 | D        | Reached XP level 7. HP: 58/70 MP: 7/7
   582 | D        | Reached XP level 8. HP: 63/76 MP: 8/8
   585 | D        | Reached ***** piety under Trog
   589 | D        | Killed a meliai
   595 | D        | Killed an efreet
   595 | D        | Reached skill level 13 in Fighting
   688 | D        | Noticed Urug
   721 | D        | Killed Urug
   721 | D        | Received a gift from Trog
   721 | D        | Reached skill level 14 in Fighting
   721 | D        | Reached XP level 9. HP: 66/87 MP: 9/9
   784 | D        | Got the cursed quicksilver dragon scales of Unambiguity {rN+ MR+ Dex-2 Slay+6}
   806 | D        | Noticed a black mamba
   806 | D        | Noticed a spiny frog
   806 | D        | Noticed a spiny frog
   806 | D        | Noticed a komodo dragon
   828 | D        | Killed a black mamba
   828 | D        | Received a gift from Trog
   828 | D        | Reached skill level 1 in Stealth
   835 | D        | Killed a spiny frog
   837 | D        | Killed a spiny frog
   840 | D        | Reached skill level 15 in Fighting
   845 | D        | Killed a komodo dragon
   845 | D        | Reached XP level 10. HP: 33/96 MP: 10/10
   849 | D        | Reached skill level 15 in Maces & Flails
   867 | D        | Noticed a spiny frog
   867 | D        | Noticed an elephant
   870 | D        | Received a gift from Trog
   881 | D        | Killed a spiny frog
   898 | D        | Killed an elephant
   898 | D        | Received a gift from Trog
   922 | D        | Received a gift from Trog
   922 | D        | Reached skill level 10 in Armour
   956 | D        | Reached skill level 16 in Fighting
   966 | D        | Noticed a spiny frog
   973 | D        | Killed a spiny frog
  1199 | D        | Received a gift from Trog
  1203 | D        | Received a gift from Trog
  1215 | D        | Reached ****** piety under Trog
  1215 | D        | Received a gift from Trog
  1361 | D        | Received a gift from Trog
  1361 | D        | Reached XP level 11. HP: 94/106 MP: 11/11
  1364 | D        | Noticed an orc knight
  1376 | D        | Received a gift from Trog
  1384 | D        | Killed an orc knight
  1384 | D        | Reached skill level 17 in Fighting
  1391 | D        | Received a gift from Trog
  1426 | D        | Noticed an orc high priest
  1431 | D        | Received a gift from Trog
  1434 | D        | Noticed an orc knight
  1439 | D        | Killed an orc high priest
  1439 | D        | Received a gift from Trog
  1444 | D        | Killed an orc knight
  1450 | D        | Received a gift from Trog
  1461 | D        | Received a gift from Trog
  1599 | D        | Found Cate's Book Emporium.
  1599 | D        | Noticed an orc sorcerer
  1599 | D        | Noticed an orc sorcerer
  1599 | D        | Noticed an orc sorcerer
  1599 | D        | Noticed an orc sorcerer
  1599 | D        | Noticed an orc sorcerer
  1599 | D        | Noticed an orc sorcerer
  1600 | D        | Noticed a sixfirhy
  1600 | D        | Found Rurauqut's Distillery.
  1603 | D        | Noticed an orc sorcerer
  1603 | D        | Killed an orc sorcerer
  1603 | D        | Reached skill level 10 in Throwing
  1605 | D        | Killed an orc sorcerer
  1605 | D        | Received a gift from Trog
  1607 | D        | Killed an orc sorcerer
  1607 | D        | Received a gift from Trog
  1609 | D        | Killed an orc sorcerer
  1609 | D        | Received a gift from Trog
  1610 | D        | Killed an orc sorcerer
  1613 | D        | Killed an orc sorcerer
  1613 | D        | Received a gift from Trog
  1613 | D        | Reached skill level 18 in Fighting
  1615 | D        | Killed an orc sorcerer
  1624 | D        | Found Qimety's Assorted Antiques.
  1632 | D        | Found Dumurr's Weapon Shoppe.
  1634 | D        | Noticed an orc sorcerer
  1641 | D        | Noticed an orc sorcerer
  1643 | D        | Killed an orc sorcerer
  1643 | D        | Received a gift from Trog
  1644 | D        | Noticed a soul eater
  1644 | D        | Received a gift from Trog
  1646 | D        | Noticed an orc sorcerer
  1650 | D        | Killed an orc sorcerer
  1650 | D        | Received a gift from Trog
  1650 | D        | Received a gift from Trog
  1655 | D        | Killed an orc sorcerer
  1676 | D        | Bought a potion of might for 40 gold pieces
  1676 | D        | Bought a potion of heal wounds for 50 gold pieces
  1794 | D        | Noticed Eustachio
  1799 | D        | Killed Eustachio
  1814 | D        | Noticed Psyche
  1819 | D        | Killed Psyche
  1917 | D        | Got the +4 ring mail "Juor Wue" {*Drain rCorr Str+7 Slay+6}
  1963 | D        | Noticed a six-headed hydra
  1963 | D        | Noticed an ogre mage
  1970 | D        | Noticed an ettin
  1971 | D        | Killed a two-headed hydra
  1975 | D        | Killed an ogre mage
  1975 | D        | Received a gift from Trog
  1975 | D        | Reached XP level 12. HP: 79/117 MP: 12/12
  1987 | D        | Killed an ettin
  1987 | D        | Received a gift from Trog
  1998 | D        | Noticed a rakshasa
  2005 | D        | Noticed an ice dragon
  2009 | D        | Killed a rakshasa
  2009 | D        | Received a gift from Trog
  2009 | D        | Reached skill level 19 in Fighting
  2017 | D        | Noticed an ogre mage
  2028 | D        | Killed an ice dragon
  2028 | D        | Received a gift from Trog
  2031 | D        | Killed an ogre mage
  2031 | D        | Received a gift from Trog
  2111 | D        | Noticed Nessos
  2180 | D        | Killed Nessos
  2182 | D        | Noticed Donald
  2195 | D        | Killed Donald
  2195 | D        | Reached skill level 5 in Stealth
  2410 | D        | Noticed an entropy weaver
  2414 | D        | Received a gift from Trog
  2416 | D        | Reached skill level 1 in Shields
  2417 | D        | Received a gift from Trog
  2419 | D        | Killed a ghost moth
  2419 | D        | Killed an entropy weaver
  2419 | D        | Received a gift from Trog
  2419 | D        | Gained mutation: You can hop long distances. [Barachi growth]
  2419 | D        | Reached XP level 13. HP: 111/127 MP: 0/13
  2433 | D        | Noticed a nagaraja
  2437 | D        | Killed a nagaraja
  2437 | D        | Reached skill level 10 in Dodging
  2440 | D        | Received a gift from Trog
  2440 | D        | Reached skill level 5 in Long Blades
  2444 | D        | Received a gift from Trog
  2444 | D        | Reached skill level 15 in Throwing
  2444 | D        | Reached skill level 5 in Shields
  2445 | D        | Got a faintly glowing hunting sling {god gift}
  2452 | D        | Reached skill level 20 in Fighting
  2617 | D        | Received a gift from Trog
  2630 | D        | Received a gift from Trog
  2655 | D        | Received a gift from Trog
  2655 | D        | Received a gift from Trog
  2658 | D        | Received a gift from Trog
  2684 | D        | Got a crystal scimitar {god gift}
  2685 | D        | Identified the +4 scimitar of Wimiocaz {holy, rPois MP-9 Dex+3} (Trog gifted it to you in the Dungeon)
  2687 | D        | Identified the +2 hunting sling of the Battered Friends {velocity, Int+3 Stlth+} (Trog gifted it to you in the Dungeon)
  2971 | D        | Noticed Aizul
  2990 | D        | Killed Aizul
  2990 | D        | Received a gift from Trog
  3050 | D        | Noticed a frost giant
  3050 | D        | Noticed a yaktaur captain
  3052 | D        | Reached skill level 15 in Armour
  3053 | D        | Noticed a tengu reaver
  3054 | D        | Noticed an ice dragon
  3055 | D        | Noticed a cyan very ugly thing
  3056 | D        | Received a gift from Trog
  3056 | D        | Killed a frost giant
  3056 | D        | Reached XP level 14. HP: 91/136 MP: 14/14
  3061 | D        | Killed a cyan very ugly thing
  3061 | D        | Received a gift from Trog
  3062 | D        | Killed a tengu reaver
  3079 | D        | Noticed a stone giant
  3090 | D        | Reached skill level 1 in Axes
  3095 | D        | Received a gift from Trog
  3097 | D        | Slain by a stone giant

Skill      XL: |  1  2  3  4  5  6  7  8  9 10 11 12 13 14 |
---------------+-------------------------------------------+-----
Fighting       | 4 5 6 7 9 12 14 15 16 18 19 20 | 20.5
Maces & Flails | 4 5 6 7 9 11 13 14 16 18 19 | 19.2
Throwing       | 1 2 3 4 5 7 8 9 11 14 18 | 18.9
Armour         | 3 4 5 7 8 9 10 12 13 15 | 15.5
Dodging        | 3 4 5 6 7 8 9 11 12 | 12.2
Long Blades    | 1 2 3 4 5 |  5.1
Stealth        | 1 2 6 |  6.7
Shields        | 3 7 8 |  8.7
Axes           | 2 |  2.0

Action                   |  1- 3 |  4- 6 |  7- 9 | 10-12 | 13-15 || total
-------------------------+-------+-------+-------+-------+-------++-------
Melee: Mace              |    23 |     7 |       |       |       ||    30
       Dire flail        |       |    34 |    50 |   119 |       ||   203
       Scimitar          |       |    10 |       |       |       ||    10
       Double sword      |       |       |       |     4 |       ||     4
       Eveningstar       |       |       |       |     2 |    19 ||    21
       Broad axe         |       |       |       |       |    15 ||    15
 Fire: Blowgun           |       |       |       |     5 |    14 ||    19
Throw: Tomahawk          |       |       |     7 |    22 |     9 ||    38
       Javelin           |       |       |       |    36 |    37 ||    73
Invok: Trog's Hand       |     1 |     3 |     1 |     9 |     3 ||    17
       Berserk           |     1 |     1 |       |       |       ||     2
       Brothers in Arms  |       |       |     2 |     5 |     2 ||     9
 Abil: Hop               |       |       |       |     1 |       ||     1
  Use: Potion            |       |       |     1 |       |     2 ||     3
       Scroll            |       |       |       |     1 |       ||     1
 Stab: Paralysed         |       |       |       |     4 |       ||     4
  Eat: Chunk             |       |     1 |     1 |    10 |     3 ||    15
       Ration            |       |       |     1 |       |       ||     1
Armor: Animal skin       |     4 |       |       |       |       ||     4
       Chain mail        |       |    32 |     5 |       |       ||    37
       Quicksilver drago |       |       |     7 |    66 |       ||    73
       Ring mail         |       |       |       |    13 |    21 ||    34
Dodge: Dodged            |     9 |    23 |    17 |    76 |    31 ||   156
Block: Shield            |       |       |       |     4 |    10 ||    14
